Map: 레릴락 마루

Players

viOLet - Winner!

  • Race: Zerg Zerg

Serral

  • Race: Zerg Zerg
  • League: Grandmaster

Event: DreamHack ZOWIE Open Leipzig

VOD

Have the link to the VOD?

Description

Time

  • Played on: Jan. 23, 2016, 9:45 a.m.
  • Length: 6:54

All games in this series

Show
View Real Time Build Order
Export as new Build Order

viOLet Zerg - Winner!

Build Orders: Pool First 

Get SALT Encoding   

  12  0:00  Drone  
  13  0:12  Overlord  
  13  0:16  Drone  
  14  0:30  Drone x2  
  14  0:34  Drone  
  17  0:39  Extractor  
  16  0:45  Drone  
  17  0:53  Spawning Pool  
  17  0:56  Drone  
  17  1:06  Drone  
  18  1:20  Hatchery  
  18  1:24  Drone  
  18  1:39  Queen  
  18  1:40  Metabolic Boost  
  20  1:47  Overlord  
  20  1:51  Zergling x2  
  21  1:56  Zergling x2  
  22  2:06  Zergling x2  
  23  2:11  Zergling x2  
  23  2:15  Queen  
  24  2:21  Zergling x2  
  27  2:32  Roach Warren  
  27  2:33  Zergling x4  
  28  2:43  Zergling x4  
  30  2:46  Drone  
  30  2:47  Drone  
  30  2:49  Drone  
  33  2:55  Drone  
  34  2:59  Drone  
  35  3:06  Zergling x2  
  35  3:09  Zergling x2  
  36  3:15  Overlord  
  36  3:24  Overlord  
  31  3:28  Roach  
  33  3:35  Roach x2  
  33  3:36  Roach  
  33  3:37  Roach  
  33  3:41  Roach  
  41  3:49  Roach x2  
  44  3:56  Roach  
  44  3:58  Roach  
  46  4:03  Roach  
  47  4:10  Drone  
  47  4:16  Drone x3  
  49  4:21  Roach  
  51  4:24  Drone  
  51  4:29  Overlord  
  52  4:34  Overlord  
  52  4:50  Drone x3  
  54  4:56  Drone x2  
  54  4:58  Drone  
  56  5:04  Drone  
  57  5:07  Drone x2  
  57  5:10  Drone  
  59  5:16  Overlord  
  59  5:17  Extractor  
  58  5:22  Drone x2  
  60  5:34  Overlord  
  60  5:38  Ravager x2  
  60  5:39  Ravager  
  60  5:40  Zergling x6  
  66  5:47  Ravager  
  66  5:48  Zergling x4  
  66  5:49  Zergling x6  
  72  5:51  Overlord  
  72  5:52  Zergling x2  
  73  5:57  Zergling x2  
  73  5:58  Zergling x2  
  73  6:04  Overlord  
  75  6:10  Zergling x2  
  76  6:12  Zergling x4  
  76  6:17  Zergling x10  
  76  6:18  Zergling x2  
  84  6:24  Zergling x2  
  83  6:31  Zergling x2  
  83  6:32  Zergling x2  
  84  6:38  Ravager x2  
Show
View Real Time Build Order
Export as new Build Order

Serral Zerg 

Build Orders: Pool First 

Get SALT Encoding   

  12  0:00  Drone  
  13  0:12  Overlord  
  13  0:16  Drone  
  14  0:31  Drone x2  
  14  0:34  Drone  
  17  0:37  Extractor  
  16  0:45  Drone  
  17  0:50  Spawning Pool  
  17  0:55  Drone  
  17  1:06  Drone  
  18  1:20  Hatchery  
  17  1:28  Drone  
  18  1:37  Queen  
  20  1:42  Metabolic Boost  
  20  1:49  Overlord  
  20  1:57  Baneling Nest  
  20  2:00  Zergling x2  
  20  2:03  Zergling x2  
  20  2:07  Zergling x2  
  22  2:11  Zergling x2  
  23  2:20  Queen  
  25  2:24  Zergling x2  
  26  2:32  Zergling x2  
  26  2:35  Zergling x2  
  28  2:45  Zergling x6  
  28  2:46  Zergling x2  
  28  2:48  Baneling  
  28  2:49  Baneling  
  28  2:50  Baneling  
  32  2:52  Baneling  
  32  2:55  Drone  
  33  2:59  Drone  
  34  3:10  Zergling x4  
  34  3:11  Baneling  
  34  3:20  Zergling x2  
  34  3:24  Overlord  
  31  3:29  Zergling x8  
  31  3:33  Zergling x2  
  35  3:43  Zergling x6  
  35  3:47  Baneling  
  38  3:57  Drone x3  
  41  4:04  Drone  
  41  4:08  Drone  
  42  4:16  Drone  
  42  4:17  Drone  
  44  4:23  Roach Warren, Overlord  
  42  4:34  Drone  
  42  4:35  Overlord  
  42  4:36  Drone  
  44  4:53  Overlord  
  44  4:54  Drone x2  
  45  5:02  Overlord  
  45  5:11  Roach  
  45  5:12  Roach x5  
  53  5:22  Drone x4  
  57  5:30  Drone x3  
  57  5:34  Drone  
  57  5:35  Evolution Chamber  
  60  5:38  Drone  
  60  5:40  Extractor  
  60  5:46  Drone x4  
  60  5:47  Drone  
  65  5:51  Overlord  
  65  5:58  Drone x3  
  65  6:01  Overlord  
  68  6:10  Extractor  
  66  6:11  Overlord  
  66  6:14  Overlord x2  
  64  6:25  Roach x3  
  67  6:31  Overlord  
  69  6:38  Spine Crawler  

Tags
 
Add a new tag
Caveats
  • Supply blocks, unpowered buildings, or Contaminate may cause inaccurate times.
  • Supply counts are checked every 10 seconds.